 Seeded DCSS version 0.32-a0-480-g6480867 (webtiles) character file.

Game seed: 7942559003663619627 (custom seed)

4533 edsrzf the Reanimator (level 10, -19/100 HPs)
             Began as an Oni Necromancer on Feb 25, 2024.
             Was the Champion of Cheibriados.
             Demolished by a two-headed ogre
             ... wielding a +0 giant spiked club
              (22 damage)
             ... on level 9 of the Dungeon.
             The game lasted 00:21:28 (9842 turns).

edsrzf the Reanimator (Oni Necromancer)             Turns: 9842, Time: 00:21:29

Health: -19/100    AC: 11    Str: 29    XL:     10   Next: 39%
Magic:  10/16      EV: 10    Int: 35    God:    Cheibriados [******]
Gold:   401        SH:  0    Dex: 24    Spells: 9/17 levels left

rFire   . . .        a - +1 flail (protect)
rCold   . . .        (no shield)
rNeg    . . .        i - +0 robe
rPois   .            (helmet restricted)
rElec   .            B - +0 cloak
rCorr   .            (gloves unavailable)
SInv    .            (boots unavailable)
Will    +....        t - amulet of faith {!P}
Stlth   ++           s - +4 ring of slaying
HPRegen 0.36/turn    (no ring)
MPRegen 0.15/turn

%: faith
@: lethally poisoned (-19 -> -23), under a protective aura, very slow
A: large, unfitting armour, horns 1, tough skin 1, double potion healing,
drunken brawling
a: Renounce Religion, Bend Time, Temporal Distortion, Slouch, Step From Time


You were on level 9 of the Dungeon.
You worshipped Cheibriados.
Cheibriados was exalted by your worship.
You visited 2 branches of the dungeon, and saw 10 of its levels.
You also visited: Sewer.

You collected 401 gold pieces.

Inventory:

Hand Weapons
 a - a +1 flail of protection (weapon)
 u - a +0 giant club
Missiles
 l - 40 poisoned darts
Armour
 i - a +0 robe (worn)
 B - a +0 cloak (worn)
Jewellery
 s - a +4 ring of slaying (left hand)
 t - an amulet of faith (around neck) {!P}
 L - the brooch of Shielding {Spirit SH+8}
   (You found it on level 9 of the Dungeon)

   [amulet of guardian spirit]

   Spirit:    It causes incoming damage to be divided between your reserves of
   health and magic.
   SH+8:      It affects your SH (+8).
Wands
 g - a wand of paralysis (9)
 j - a wand of polymorph (22)
 o - a wand of mindburst (22)
 q - a wand of flame (24)
 E - a wand of iceblast (1)
 H - a wand of digging (5)
Scrolls
 c - 3 scrolls of fog
 h - a scroll of enchant armour
 k - a scroll of teleportation {@r3}
 m - a scroll of brand weapon
 n - a scroll of silence {!r}
 r - a scroll of immolation {unknown}
 w - 3 scrolls of revelation {unknown}
 y - a scroll of amnesia {unknown}
 A - a scroll of poison {unknown}
 C - a scroll of enchant weapon {unknown}
 D - a scroll of torment {unknown}
Potions
 b - a potion of magic
 d - 2 potions of lignification
 f - a potion of attraction
 p - a potion of brilliance
 v - 2 potions of mutation {unknown}
 z - 2 potions of haste {unknown}
 G - a potion of curing
 K - a potion of invisibility {unknown}


   Skills:
 - Level 6.3 Fighting
 + Level 8.8 Maces & Flails
 - Level 1.7 Dodging
 - Level 1.4 Stealth
 - Level 4.0 Spellcasting
 + Level 10.4 Necromancy


You had 9 spell levels left.
You knew the following spells:

 Your Spells              Type           Power      Damage    Failure   Level
a - Necrotise             Necr           100%       1d9       1%          1
u - Dispel Undead         Necr           68%        3d23      1%          4
v - Vampiric Draining     Necr           68%        2d10      1%          3

Your spell library contained the following spells:

 Spells                   Type           Power      Damage    Failure   Level
 Cigotuvi's Dreadful Rot  Necr/Alch/Air  62%        N/A       1%          2
 Sublimation of Blood     Necr           68%        N/A       1%          2
 Animate Dead             Necr           68%        N/A       1%          4
 Curse of Agony           Necr           68%        N/A       1%          5
 Freeze                   Ice            28%        1d5       4%          1
 Anguish                  Hex/Necr       21%        N/A       5%          4
 Martyr's Knell           Necr/Summ      43%        N/A       5%          4
 Ensorcelled Hibernation  Hex/Ice        14%        N/A       7%          2
 Death Channel            Necr           34%        N/A       10%         6
 Call Canine Familiar     Summ           7%         N/A       14%         3
 Hailstorm                Conj/Ice       7%         3d5       14%         3
 Sigil of Binding         Hex            7%         N/A       14%         3
 Animate Armour           Summ/Erth      14%        N/A       41%         4
 Cause Fear               Hex            3%         N/A       41%         4
 Dimensional Bullseye     Hex/Tloc       3%         N/A       41%         4
 Petrify                  Alch/Erth      7%         N/A       41%         4
 Irradiate                Conj/Alch      3%         3d12      77%         5
 Bombard                  Conj/Erth      3%         9d1       100%        6
 Enfeeble                 Hex            3%         N/A       100%        7


Dungeon Overview and Level Annotations

Branches:
Dungeon (9/15)             Temple (1/1) D:4            Lair (0/5) D:8
  Sewer (visited)
    Orc: D:9-12

Altars:
Ashenzari
Cheibriados
Dithmenos
Fedhas
Gozag
Hepliaklqana
Kikubaaqudgha
Makhleb
Nemelex Xobeh
Okawaru
Qazlal
Ru
Sif Muna
Trog
Uskayaw
Vehumet
Wu Jian
Xom
Yredelemnul
Zin
The Shining One

Shops:
D:1 (


Innate Abilities, Weirdness & Mutations

You are too large for most types of armour.
You have a pair of small horns on your head.
You have tough skin. (AC +1)
You gain doubled healing and magic from potions.
Whenever you drink a healing potion, you attack all around you.


Message History

Press: ? - help, Shift-Dir - straight line, f - two-headed ogre
Aim: a two-headed ogre, wielding a +0 giant spiked club and a +0 giant club (80% to hit)
You throw a curare-tipped dart.
The curare-tipped dart completely misses Erica.
The curare-tipped dart hits the two-headed ogre.
The two-headed ogre is poisoned.
The two-headed ogre struggles to breathe.
The two-headed ogre seems to slow down.
The two-headed ogre is lightly wounded.
You feel very sick.
Okay, then.
Throw: dart (curare)
Press: ? - help, Shift-Dir - straight line, f/p - two-headed ogre
Aim: a two-headed ogre, wielding a +0 giant spiked club and a +0 giant club (lightly wounded, very poisoned, slow, 80% to hit)
You throw a curare-tipped dart. The curare-tipped dart hits Erica.
Erica is poisoned.
Erica struggles to breathe.
Erica seems to slow down.
Erica is lightly wounded.
You feel sick.
Casting: Necrotise (safe; 1% risk of failure)
Confirm with . or Enter, or press ? or * to list all spells.
Okay, then.
Unknown command.
Aiming: Iceblast
Press: ? - help, Shift-Dir - straight line, f/p - two-headed ogre
Aim: a two-headed ogre, wielding a +0 giant spiked club and a +0 giant club (lightly wounded, very poisoned, slow)
The mass of ice explodes!
The iceblast engulfs Erica!
Erica is moderately wounded.
The iceblast engulfs the two-headed ogre!
The two-headed ogre is moderately wounded.
You feel sick.
Unknown command.
You hit Erica.
Your weapon exudes an aura of protection.
Erica is heavily wounded.
You feel sick.
Erica stares at you and mumbles some strange words.
The bolt of poison hits you.
You are more poisoned.
You bludgeon Erica!! You headbutt Erica!
Erica is almost dead.
You feel very sick.
Erica hits you with a +3 scimitar of flaming!
Erica burns you.
You hit Erica.
Erica is almost dead.
You feel very sick.
Casting: Necrotise (safe; 1% risk of failure)
Confirm with . or Enter, or press ? or * to list all spells.
Aiming: Vampiric Draining (safe; 1% risk of failure)
Press: ? - help, Shift-Dir - straight line, f - Erica, p - two-headed ogre
Aim: Erica, wielding a +3 scimitar of flaming and wearing an amulet of reflection (almost dead, very poisoned, slow, reflecting blocked projectiles)
You draw life force from Erica!
You kill Erica!
Cheibriados appreciates the change of pace.
You feel life coursing into your body.
You feel very sick.
Unknown command.
You barely miss the two-headed ogre.
The two-headed ogre is moderately wounded.
You feel sick.
The two-headed ogre hits you with a +0 giant spiked club!!
* * * LOW HITPOINT WARNING * * *
The two-headed ogre hits you with a +0 giant club!
* * * LOW HITPOINT WARNING * * *
You take a swig of the potion and twirl your +1 flail of protection.
You sock the two-headed ogre!
The two-headed ogre is severely wounded.
You savour every drop.
You feel much better.
You feel very sick.
The two-headed ogre is no longer moving slowly.
Okay, then.
You hit the two-headed ogre.
The two-headed ogre is severely wounded.
You feel sick.
The two-headed ogre looks more healthy.
The two-headed ogre hits you with a +0 giant spiked club!!
* * * LOW HITPOINT WARNING * * *
The two-headed ogre completely misses you.
Throw: throwing net {=f}
Press: ? - help, Shift-Dir - straight line, f - two-headed ogre
Aim: a two-headed ogre, wielding a +0 giant spiked club and a +0 giant club (severely wounded, 80% to hit)
You throw a throwing net {=f}.
The throwing net {=f} barely misses the two-headed ogre.
You feel sick.
Okay, then.
Okay, then.
Okay, then.
Okay, then.
Casting: Vampiric Draining (safe; 1% risk of failure)
Confirm with . or Enter, or press ? or * to list all spells.
Aiming: Vampiric Draining (safe; 1% risk of failure)
Press: ? - help, Shift-Dir - straight line, f/p - two-headed ogre
Aim: a two-headed ogre, wielding a +0 giant spiked club and a +0 giant club (severely wounded)
You draw life force from the two-headed ogre.
You feel life coursing into your body.
You feel sick.
The two-headed ogre hits you with a +0 giant spiked club!!
* * * LOW HITPOINT WARNING * * *
The two-headed ogre hits you with a +0 giant club!!
You die...
Cheibriados appreciates the motionlessness of death.

#....# #...# #.#.
##....######...#########.#.
#.....[....+...'.....<.#...
#.#.########...#######.#.##
#.#.# #.........# #.....
#.#.######.#######.# ###.##
###.#........# #.# #.#
#.....##############.#####.#
#.##### #.@..............#
#.# #O#########.###### #.#
#( #.# #.# #. #.# #.# #( #.#
#.# #. #.# #.# #. #.# #.. ..
#.# #.#


You could see a two-headed ogre.

Vanquished Creatures
  Erica (D:9)
  Grinder (D:3)
  A slime creature (D:8)
  2 steam dragons
  2 water moccasins
  An ice beast (D:6)
  A sky beast (D:6)
  An orc warrior (D:9)
  A black bear (D:6)
  2 ogres
  A centaur (D:8)
  A phantom (D:5)
  6 kobold brigands
  A bullfrog (D:8)
  5 scorpions
  9 killer bees
  9 jellies
  2 bombardier beetles (D:5)
  3 hounds
  An orc priest (D:8)
  Crazy Yiuf (D:5)
  A gnoll bouda (D:5)
  Ijyb (D:3)
  Terence (D:3)
  3 iguanas
  6 orc wizards
  4 sleepcaps
  7 gnolls
  13 adders
  3 river rats (Sewer)
  A white imp (D:7)
  2 ufetubi (D:6)
  3 dart slugs
  2 ribbon worms
  26 orcs
  6 ball pythons
  5 bats
  23 endoplasms
  4 giant cockroaches
  3 goblins
  8 hobgoblins
  7 quokkas
  2 frilled lizards
  20 kobolds
  11 rats
214 creatures vanquished.

Vanquished Creatures (collateral kills)
  A dart slug (D:1)
  A ball python (D:1)
  A bat (D:3)
  2 endoplasms (D:1)
  A kobold (D:2)
6 creatures vanquished.

Grand Total: 220 creatures vanquished

Notes
Turn   | Place    | Note
-------+----------+-------------------------------------------
     0 | D:1      | edsrzf the Oni Necromancer began the quest for the Orb.
     0 | D:1      | Reached XP level 1. HP: 16/16 MP: 3/3
     2 | D:1      | Noticed a vampire
     4 | D:1      | Noticed a draconian
     4 | D:1      | Noticed an elf
     6 | D:1      | Noticed a demonspawn
     6 | D:1      | Noticed a spriggan
     8 | D:1      | Noticed a naga
     8 | D:1      | Noticed a djinni
    10 | D:1      | Noticed a demigod
    10 | D:1      | Noticed a tengu
    14 | D:1      | Noticed an octopode
    14 | D:1      | Noticed a gargoyle
    16 | D:1      | Noticed a troll
    16 | D:1      | Noticed an oni
    18 | D:1      | Noticed a minotaur
    18 | D:1      | Noticed a vine stalker
    20 | D:1      | Noticed a ghoul
    20 | D:1      | Noticed an armataur
    22 | D:1      | Noticed a merfolk
    22 | D:1      | Noticed a human
    24 | D:1      | Noticed a dwarf
    26 | D:1      | Noticed a formicid
    26 | D:1      | Noticed a barachi
    28 | D:1      | Noticed a felid
   122 | D:1      | Reached XP level 2. HP: 24/24 MP: 3/5
   154 | D:1      | Reached skill level 3 in Spellcasting
   304 | D:1      | Found Feesigen's Weapon Shop.
   432 | D:1      | Reached skill level 4 in Necromancy
   562 | D:1      | Reached XP level 3. HP: 31/31 MP: 5/7
   605 | D:1      | You fall into a shaft and drop 1 floor!
  1011 | D:2      | Found a shimmering altar of Xom.
  1023 | D:2      | Reached XP level 4. HP: 23/39 MP: 1/9
  1181 | D:2      | Reached skill level 4 in Spellcasting
  2103 | D:3      | Reached skill level 1 in Fighting
  2135 | D:3      | Found a faded altar of an unknown god.
  2137 | D:3      | Noticed Terence
  2141 | D:3      | Killed Terence
  2142 | D:3      | Reached XP level 5. HP: 49/49 MP: 6/11
  2159 | D:3      | Reached skill level 2 in Fighting
  2161 | D:3      | Noticed Grinder
  2174 | D:3      | Killed Grinder
  2175 | D:3      | Reached skill level 4 in Fighting
  2175 | D:3      | Reached skill level 5 in Necromancy
  2175 | D:3      | Reached XP level 6. HP: 62/62 MP: 9/12
  2259 | D:3      | Found a shimmering blue altar of Sif Muna.
  2288 | D:3      | Noticed Ijyb
  2294 | D:3      | Killed Ijyb
  2525 | D:4      | Found a broken altar of Ashenzari.
  2567 | D:4      | Found a staircase to the Ecumenical Temple.
  2586 | Temple   | Entered the Ecumenical Temple
  2595 | Temple   | Became a worshipper of Cheibriados the Contemplative
  2660 | D:4      | Found a shimmering altar of Xom.
  2816 | D:4      | Reached skill level 5 in Fighting
  2816 | D:4      | Reached XP level 7. HP: 70/72 MP: 8/13
  2872 | D:4      | Learned a level 3 spell: Vampiric Draining
  3078 | D:4      | Reached skill level 6 in Necromancy
  3537 | D:5      | Entered Level 5 of the Dungeon
  3560 | D:5      | Reached skill level 6 in Fighting
  3586 | D:5      | Identified 8 scrolls of identify
  3586 | D:5      | Identified a potion of attraction
  3587 | D:5      | Identified a potion of lignification
  3588 | D:5      | Identified a potion of brilliance
  3589 | D:5      | Identified a scroll of enchant armour
  3590 | D:5      | Identified a scroll of silence
  3591 | D:5      | Identified a scroll of brand weapon
  3592 | D:5      | Identified a scroll of fog
  3593 | D:5      | Identified 3 scrolls of teleportation
  3594 | D:5      | Identified 2 scrolls of fear
  3738 | D:5      | Reached skill level 1 in Maces & Flails
  3829 | D:5      | Reached * piety under Cheibriados
  3840 | D:5      | Reached skill level 2 in Maces & Flails
  3840 | D:5      | Reached XP level 8. HP: 31/84 MP: 14/14
  4010 | D:5      | Found a glowing drain.
  4014 | Sewer    | Entered a sewer
  4077 | Sewer    | Reached skill level 7 in Necromancy
  4126 | Sewer    | Learned a level 4 spell: Dispel Undead
  4300 | Sewer    | Reached skill level 3 in Maces & Flails
  4539 | Sewer    | Reached ** piety under Cheibriados
  4941 | Sewer    | Reached skill level 4 in Maces & Flails
  5400 | D:5      | Reached *** piety under Cheibriados
  5434 | D:5      | Got the Encyclopedia of the Secret Xenophobes
  5582 | D:5      | Found a runed translucent door.
  5583 | D:5      | Noticed Crazy Yiuf
  5588 | D:5      | Killed Crazy Yiuf
  5858 | D:6      | Reached skill level 5 in Maces & Flails
  5858 | D:6      | Reached skill level 8 in Necromancy
  5858 | D:6      | Reached XP level 9. HP: 29/91 MP: 15/15
  6054 | D:6      | Found a bloodstained altar of Trog.
  6463 | D:6      | Reached skill level 6 in Maces & Flails
  6921 | D:7      | Reached **** piety under Cheibriados
  6922 | D:7      | Reached skill level 9 in Necromancy
  7197 | D:7      | Identified the +1 short sword "Kurekar" {freeze, rN+ rCorr
                  | Dex+3}
  7519 | D:7      | Reached skill level 7 in Maces & Flails
  7779 | D:7      | Reached ***** piety under Cheibriados
  8293 | D:8      | Identified 3 potions of curing
  8299 | D:8      | Reached XP level 10. HP: 38/100 MP: 0/16
  8565 | D:8      | Found an ancient bone altar of Kikubaaqudgha.
  8647 | D:8      | Reached skill level 8 in Maces & Flails
  8673 | D:8      | Reached skill level 10 in Necromancy
  9081 | D:8      | Found a staircase to the Lair.
  9530 | D:9      | Found the brooch of Shielding {Spirit SH+8}
  9643 | D:9      | Reached ****** piety under Cheibriados
  9646 | D:9      | Identified a potion of degeneration
  9647 | D:9      | Identified a potion of heal wounds
  9830 | D:9      | Noticed Erica
  9830 | D:9      | Noticed a two-headed ogre
  9837 | D:9      | Killed Erica
  9842 | D:9      | HP: 3/100 [two-headed ogre/+0 giant spiked club (19)]
  9842 | D:9      | Demolished by a two-headed ogre

Illustrated notes

Levels and vault maps discovered:
D:1:      kb_arrival_jail, layout_loops_ring, serial_shops, shop,
          grunt_decor_arrowhead, minmay_misc_feat_iff
D:2:      layout_basic, basic_altar, chequers_serial_rivers_micro_b,
          kennysheep_potato
D:3:      layout_rooms, mainiacjoe_overflow_catwalk,
          nicolae_ecumenical_oubliette, uniq_ijyb, uniq_terence, uniq_grinder
D:4:      layout_basic, mainiacjoe_overflow_chevrons,
          lemuel_coloured_pillars_altar, minmay_temple_entry_tees
D:5:      layout_loops_ring, mainiacjoe_sewer_entry_somewhere_in_here_2,
          uniq_crazy_yiuf_cottage
D:6:      layout_loops_cross, mainiacjoe_overflow_concentric_impassable
D:7:      layout_gridville
D:8:      lemuel_slime, layout_loops_ring, kiku_gazebo_garden_becter,
          lair_entry_dummy
D:9:      layout_basic, uniq_erica
Temple:   eino_temple_scatter_basement

Skill      XL: |  1  2  3  4  5  6  7  8  9 10 |
---------------+-------------------------------+-----
Spellcasting   | 3 4 |  4.0
Necromancy     | 4 5 6 8 9 10 | 10.4
Fighting       | 1 4 5 6 |  6.3
Maces & Flails | 2 5 7 8 |  8.8
Dodging        | |  1.7
Stealth        | |  1.4

Action                     |  1- 3 |  4- 6 |  7- 9 | 10-12 || total
---------------------------+-------+-------+-------+-------++-------
  Melee: Unarmed           |    14 |       |       |       ||    14
         Headbutt          |     3 |     4 |    58 |    16 ||    81
         Mace              |     7 |    12 |       |       ||    19
         Flail             |       |    11 |   207 |    59 ||   277
  Throw: Dart              |       |       |     1 |     2 ||     3
         Throwing net      |       |       |       |     1 ||     1
   Cast: Necrotise         |    57 |    75 |   163 |    39 ||   334
         Vampiric Draining |       |       |     5 |     2 ||     7
  Evoke: Wand              |       |     2 |       |     1 ||     3
    Use: Scroll            |       |       |    12 |     2 ||    14
         Potion            |       |       |     2 |     1 ||     3
   Stab: Sleeping          |       |     1 |       |       ||     1
         Paralysed         |       |     6 |       |       ||     6
 Armour: Robe              |    25 |    31 |   203 |    38 ||   297
  Dodge: Dodged            |    13 |    13 |   156 |    13 ||   195

Table legend: (Time is in decaauts)
 A = Elapsed time spent in this place.
 B = Non-inter-level travel time spent in this place.
 C = Inter-level travel time spent in this place.
 D = Time resting spent in this place.
 E = Time spent auto-exploring this place.
 F = Levels seen in this place.
 G = Mean time per level.
                   A        B        C        D        E       F      G
               +--------+--------+--------+--------+--------+-----+--------+
         Total |  12439 |  12038 |    401 |   1151 |   8518 |  11 | 1130.8 |
       Dungeon |  11138 |  10756 |    382 |    960 |   7678 |   9 | 1237.6 |
        Temple |     21 |      2 |     19 |      0 |      0 |   1 |   21.0 |
         Sewer |   1279 |   1279 |      0 |    191 |    840 |   1 | 1279.0 |
               +--------+--------+--------+--------+--------+-----+--------+

Top non-repeatable levels by time:
     D:7: 1806 daAuts
     D:8: 1764 daAuts
     D:5: 1591 daAuts
     D:6: 1345 daAuts
   Sewer: 1279 daAuts
     D:4: 1195 daAuts
     D:2: 1008 daAuts
     D:1: 973 daAuts
     D:9: 907 daAuts
     D:3: 546 daAuts
  Temple: 21 daAuts
